 Dungeon Crawl Stone Soup version 0.30.1-9-gdf580d7c3d (webtiles) character file.

Game seed: 4214899837970761844

9944 Peloso the Carver (level 11, -1/97 HPs)
             Began as a Minotaur Fighter on Oct 11, 2023.
             Was an Elder of Okawaru.
             Slain by Joseph
             ... wielding a +3 heavy quarterstaff
              (20 damage)
             ... on level 7 of the Dungeon.
             The game lasted 00:23:37 (12380 turns).

Peloso the Carver (Minotaur Fighter)               Turns: 12380, Time: 00:23:37

Health: -1/97      AC: 18    Str: 22    XL:     11   Next: 29%
Magic:  10/10      EV:  7    Int:  5    God:    Okawaru [****..]
Gold:   463        SH: 11    Dex: 13    Spells: 10/10 levels left

rFire   . . .        a - +2 falchion
rCold   . . .        d - +0 kite shield
rNeg    . . .        x - +0 plate armour
rPois   .            (helmet restricted)
rElec   .            E - +1 cloak
rCorr   .            I - +0 pair of gloves
SInv    .            (no boots)
Will    +....        (no amulet) Stlth
                     G - ring of flight
HPRegen 0.36/turn    F - ring of willpower
MPRegen 0.12/turn

%: no passive effects
@: flying
A: horns 2, retaliatory headbutt
a: Renounce Religion, Heroism, Finesse


You were on level 7 of the Dungeon.
You worshipped Okawaru.
Okawaru was greatly pleased with you.
You visited 2 branches of the dungeon, and saw 11 of its levels.

You collected 487 gold pieces.
You spent 24 gold pieces at shops.

Inventory:

Hand Weapons
 a - a +2 falchion (weapon)
 b - a +0 whip of flaming
 c - a +1 falchion of holy wrath
Missiles
 o - 3 throwing nets (quivered)
Armour
 d - a +0 kite shield (worn)
 x - a +0 plate armour (worn)
 E - a +1 cloak (worn)
 I - a +0 pair of gloves (worn)
Jewellery
 D - an amulet of the acrobat
 F - a ring of willpower (right hand)
 G - a ring of flight (left hand)
Wands
 p - a wand of iceblast (4)
 v - a wand of mindburst (9)
 B - a wand of flame (25)
Scrolls
 g - a scroll of brand weapon
 h - a scroll of teleportation
 i - a scroll of summoning
 k - 2 scrolls of fog
 n - 2 scrolls of silence
 q - 2 scrolls of immolation
 w - 4 scrolls of enchant weapon
 y - 7 scrolls of blinking {unknown}
 z - 3 scrolls of poison {unknown}
 C - 3 scrolls of noise {unknown}
 H - 2 scrolls of enchant armour {unknown}
 J - a scroll of amnesia {unknown}
Potions
 e - 2 potions of mutation
 f - 2 potions of berserk rage {unknown}
 j - a potion of attraction {unknown}
 l - 2 potions of lignification
 m - a potion of heal wounds {unknown}
 r - 2 potions of degeneration {unknown}
 s - 2 potions of brilliance {unknown}
 t - a potion of ambrosia {unknown}
 u - 2 potions of curing {unknown}


   Skills:
 + Level 9.6 Fighting
 + Level 12.8 Long Blades
 + Level 10.2 Armour
 + Level 4.5 Dodging
 + Level 1.1 Stealth
 + Level 10.1 Shields
 + Level 1.2 Invocations
 + Level 1.4 Evocations


You had 10 spell levels left.
You didn't know any spells.
Your spell library contained the following spells:

 Spells                   Type           Power      Damage    Failure   Level
 Beastly Appendage        Tmut           0%         N/A       100%        1
 Magic Dart               Conj           0%         1d3       100%        1
 Blink                    Tloc           0%         N/A       100%        2
 Ensorcelled Hibernation  Hex/Ice        0%         N/A       100%        2
 Lesser Beckoning         Tloc           0%         N/A       100%        2
 Momentum Strike          Conj/Tloc      0%         3d8       100%        2
 Passwall                 Tmut/Erth      0%         N/A       100%        2
 Sublimation of Blood     Necr           0%         N/A       100%        2
 Wereblood                Tmut           0%         N/A       100%        2
 Ignite Poison            Fire/Tmut/Pois 0%         N/A       100%        3
 Mephitic Cloud           Conj/Pois/Air  0%         N/A       100%        3
 Spider Form              Tmut/Pois      0%         N/A       100%        3
 Swiftness                Air            0%         N/A       100%        3
 Sticky Flame             Conj/Fire      0%         2d3       100%        4
 Borgnjor's Revivificati  Necr           0%         N/A       100%        8
 Ignition                 Fire           0%         3d3       100%        8
 Necromutation            Tmut/Necr      0%         N/A       100%        8
 Death's Door             Necr           0%         N/A       100%        9
 Call Imp                 Summ           Unusable   N/A       N/A         2
 Summon Hydra             Summ           Unusable   N/A       N/A         7

Dungeon Overview and Level Annotations

Branches:
Dungeon (10/15)            Temple (1/1) D:5            Lair (0/5) D:8
    Orc (0/2) D:9

Altars:
Ashenzari
Cheibriados
Dithmenos
Elyvilon
Fedhas
Gozag
Hepliaklqana
Kikubaaqudgha
Nemelex Xobeh
Okawaru
Qazlal
Ru
Sif Muna
Trog
Uskayaw
Vehumet
Wu Jian
Xom
Yredelemnul
Zin
The Shining One

Shops:
D:1 *

Annotations:
D:7 Joseph


Innate Abilities, Weirdness & Mutations

You have a pair of horns on your head.
You reflexively headbutt those who attack you in melee.


Message History

The orc is heavily wounded.
An orc comes into view. It is wielding a +1 rapier of venom.
The orc hits you but does no damage.
The orc shouts!
You slash the orc!
You kill the orc!
Okawaru accepts your kill.
Joseph unwields a +3 heavy quarterstaff.
Joseph wields a +0 sling.
Joseph shoots a sling bullet.
The sling bullet hits you.
You feel like a meek peon again.
Joseph unwields a +0 sling.
Joseph wields a +3 heavy quarterstaff.
Joseph hits you with a +3 heavy quarterstaff!
You hit Joseph but do no damage. You headbutt Joseph!
Joseph is lightly wounded.
A sky beast comes into view.
You barely miss Joseph. You headbutt Joseph!
Joseph is moderately wounded.
Joseph hits you with a +3 heavy quarterstaff!
You slash Joseph! You headbutt Joseph!
Joseph is heavily wounded.
An orc comes into view. It is wielding a +0 falchion.
The orc shouts!
You hit Joseph. Your headbutt misses Joseph.
Joseph is severely wounded.
You block Joseph's attack.
You hit Joseph.
Joseph is severely wounded.
You hit Joseph but do no damage.
Joseph is severely wounded.
Joseph hits you with a +3 heavy quarterstaff!
* * * LOW HITPOINT WARNING * * *
You slash Joseph!
Joseph is almost dead.
A sky beast comes into view.
You hit Joseph but do no damage.
Joseph is almost dead.
A cyclops comes into view.
Joseph hits you with a +3 heavy quarterstaff!!
You die...

####.....#........#..#......))...
.......####......................
..###### ######################[.
..#♣♣.♣♣#♣.c.♣ .♣♣...♣#.♣.♣.#..
..#♣...♣♣F♣♣♣.F♣ ♣..♣ ♣.♣..♣..#..
........cQ♣ ♣..♣ ♣..♣ ♣..........
#.#♣...♣♣.♣ ♣..♣♣♣.(♣♣♣.♣..♣..#..
#.#♣♣.♣♣#♣.. ♣♣...♣♣...♣#.♣.♣.#..
#.# ### ### #♣@♣#############..
### ♣@♣ #.. ♣.....5♣......♣ #..
♣.~...# #...~.♣ #.. ♣..... .....♣
#.. ♣.... ....♣ #.# ♣.... ....♣
### ♣C## ##.♣ #.# .♣ ♣. #..


You could see Joseph, a cyclops and a shadow imp.

Vanquished Creatures
  2 two-headed ogres (D:10)
  A tengu warrior (D:7)
  Urug (D:10)
  Pikel (D:4)
  An elephant (D:8)
  A hornet (D:7)
  A slime creature (D:7)
  4 wyverns
  4 yaks (D:9)
  A basilisk (D:8)
  3 vampire mosquitoes (D:10)
  3 water moccasins
  4 orc warriors
  3 black bears
  A sky beast (D:7)
  2 ice beasts
  3 centaurs
  4 ogres
  4 phantoms
  3 kobold brigands
  6 bullfrogs
  2 gnoll sergeants
  A scorpion (D:6)
  5 wights (D:8)
  2 howler monkeys (D:10)
  3 electric eels
  3 jellies
  2 hounds
  2 gnoll boudas
  8 orc priests
  Jessica (D:3)
  Terence (D:3)
  3 sleepcaps
  Natasha (thrice) (D:2)
  4 iguanas
  12 orc wizards
  Robin (D:3)
  25 gnolls
  13 adders
  A shadow imp (D:8)
  2 white imps
  3 dart slugs
  44 orcs
  9 endoplasms
  4 giant cockroaches
  16 goblins
  9 hobgoblins
  2 jackals (D:3)
  3 quokkas
  6 ball pythons
  6 bats
  5 frilled lizards
  22 kobolds
  8 rats
284 creatures vanquished.

Notes
Turn   | Place    | Note
-------+----------+-------------------------------------------
     0 | D:1      | Peloso the Minotaur Fighter began the quest for the Orb.
     0 | D:1      | Reached XP level 1. HP: 19/19 MP: 0/0
   104 | D:1      | Found Luobbu's General Store.
   129 | D:1      | Reached XP level 2. HP: 27/27 MP: 1/1
   786 | D:2      | Reached XP level 3. HP: 33/33 MP: 2/2
   871 | D:2      | Noticed Natasha
   881 | D:2      | Killed Natasha
   882 | D:2      | Reached skill level 3 in Long Blades
   882 | D:2      | Reached XP level 4. HP: 26/41 MP: 3/3
  1090 | D:2      | Noticed Natasha
  1098 | D:2      | Killed Natasha
  1099 | D:2      | Reached skill level 5 in Fighting
  1332 | D:2      | Noticed Natasha
  1337 | D:2      | Killed Natasha
  1338 | D:2      | Reached XP level 5. HP: 42/48 MP: 4/4
  1517 | D:2      | Reached skill level 4 in Long Blades
  1734 | D:2      | Found a stormy altar of Qazlal.
  2011 | D:3      | Reached skill level 5 in Armour
  2024 | D:3      | Noticed Jessica
  2026 | D:3      | Noticed Robin
  2032 | D:3      | Killed Jessica
  2035 | D:3      | Killed Robin
  2036 | D:3      | Reached XP level 6. HP: 47/56 MP: 5/5
  2097 | D:3      | Found a hazy altar of Hepliaklqana.
  2295 | D:3      | Noticed Terence
  2305 | D:3      | Killed Terence
  2933 | D:1      | Bought a scroll of identify for 24 gold pieces
  3154 | D:4      | Reached skill level 1 in Dodging
  3233 | D:4      | Reached skill level 5 in Long Blades
  3355 | D:4      | Reached XP level 7. HP: 59/63 MP: 6/6
  3591 | D:4      | Noticed Pikel
  3607 | D:4      | Killed Pikel
  3608 | D:4      | Reached skill level 7 in Long Blades
  3608 | D:4      | Reached skill level 5 in Shields
  3608 | D:4      | Reached XP level 8. HP: 22/71 MP: 7/7
  4017 | D:4      | Found a hide-covered altar of Uskayaw.
  4027 | D:4      | Found a sacrificial altar of Ru.
  4191 | D:5      | Entered Level 5 of the Dungeon
  4433 | D:5      | Reached skill level 8 in Long Blades
  4446 | D:5      | Found a staircase to the Ecumenical Temple.
  4465 | Temple   | Entered the Ecumenical Temple
  4516 | Temple   | Became a worshipper of Warmaster Okawaru
  5234 | D:5      | Found an opulent altar of Gozag.
  5607 | D:6      | Reached * piety under Okawaru
  5611 | D:6      | Reached skill level 9 in Long Blades
  5809 | D:6      | Reached XP level 9. HP: 65/79 MP: 8/8
  7045 | D:6      | Reached skill level 10 in Long Blades
  7061 | D:6      | Reached ** piety under Okawaru
  7163 | D:7      | Noticed a tengu warrior
  7782 | D:7      | Reached skill level 11 in Long Blades
  8255 | D:8      | Reached XP level 10. HP: 55/88 MP: 9/9
  8671 | D:8      | Found a glowing golden altar of the Shining One.
  8674 | D:8      | Found a basalt altar of Yredelemnul.
  8677 | D:8      | Noticed a profane servitor
  8987 | D:8      | Reached *** piety under Okawaru
  8988 | D:8      | Reached skill level 1 in Stealth
  9086 | D:8      | Found a staircase to the Lair.
  9129 | D:8      | Noticed an elephant
  9145 | D:8      | Killed an elephant
  9244 | D:8      | Noticed an angel
  9958 | D:9      | Identified the +1 ring mail "Xuyfrejoz" {*Slow Str+8 Int+8
                  | Dex-3}
 10303 | D:9      | Found a staircase to the Orcish Mines.
 10436 | D:9      | Found a basalt altar of Yredelemnul.
 10438 | D:9      | Found a blossoming altar of Fedhas.
 10438 | D:9      | Found a white marble altar of Elyvilon.
 10542 | D:9      | Found a broken altar of Ashenzari.
 10542 | D:9      | Found a shimmering altar of Xom.
 10542 | D:9      | Found a white marble altar of Elyvilon.
 10740 | D:10     | Entered Level 10 of the Dungeon
 10949 | D:10     | Noticed a two-headed ogre
 10956 | D:10     | Reached skill level 12 in Long Blades
 10975 | D:10     | Killed a two-headed ogre
 10975 | D:10     | Reached **** piety under Okawaru
 10976 | D:10     | Reached skill level 1 in Invocations
 10976 | D:10     | Reached skill level 1 in Evocations
 11044 | D:10     | Noticed a two-headed ogre
 11067 | D:10     | Killed a two-headed ogre
 11068 | D:10     | Reached skill level 10 in Armour
 11068 | D:10     | Reached XP level 11. HP: 16/97 MP: 8/10
 11322 | D:10     | Noticed Urug
 11348 | D:10     | Killed Urug
 12302 | D:7      | Killed a tengu warrior
 12344 | D:7      | Noticed Joseph
 12354 | D:7      | Reached skill level 10 in Shields
 12380 | D:7      | Slain by Joseph

Illustrated notes

Levels and vault maps discovered:
D:1:      dpeg_arrival_three_same_balls, layout_basic, serial_shops,
          nicolae_shop_trees, chequers_serial_rivers_marsh
D:2:      layout_loops_ring, basic_altar, kennysheep_cluttered_room,
          uniq_natasha
D:3:      layout_basic, mainiacjoe_overflow_small_starburst, uniq_terence,
          uniq_jessica, uniq_robin
D:4:      layout_loops_ring, mainiacjoe_overflow_swirl, uniq_pikel
D:5:      layout_basic, nicolae_gozag_cash_rules_everything_around_me,
          minmay_temple_entry_large_hall
D:6:      minmay_general_purpose_star, layout_basic
D:7:      nzn_winding_woodlands_large [nzn_winding_woodlands_hourglass,
          nzn_winding_woodlands_5x15_zeroes, nzn_winding_woodlands_5x5_default,
          nzn_winding_woodlands_center_triple_pond,
          nzn_winding_woodlands_15x15_five_gardens,
          nzn_winding_woodlands_center_garden,
          nzn_winding_woodlands_5x5_open_star,
          nzn_winding_woodlands_5x15_longhouse,
          nzn_winding_woodlands_5x5_three], layout_cave_pools, uniq_joseph
D:8:      layout_rooms, grunt_temple_overflow_holy_war, david_lair_generic,
          roderic_lattice_a
D:9:      layout_basic, doesnt_xom_only_xom, orc_0_dummy
D:10:     layout_irregular_city, lightli_temple_of_fire, nooodl_orcs_dogs,
          uniq_urug
Temple:   zaba_magenta_temple

Skill      XL: |  1  2  3  4  5  6  7  8  9 10 11 |
---------------+----------------------------------+-----
Armour         | 4 5 6 7 8 10 | 10.2
Fighting       | 4 5 6 7 8 9 |  9.6
Shields        | 4 5 6 7 9 10 | 10.1
Long Blades    | 3 4 5 7 9 11 12 | 12.8
Dodging        | 1 2 3 4 |  4.5
Stealth        | 1 |  1.1
Invocations    | 1 |  1.2
Evocations     | 1 |  1.4

Action                     |  1- 3 |  4- 6 |  7- 9 | 10-12 || total
---------------------------+-------+-------+-------+-------++-------
  Melee: Long sword        |    67 |   154 |   393 |    17 ||   631
         Headbutt          |     6 |    24 |    90 |   102 ||   222
         Falchion          |       |       |       |   394 ||   394
 Invoke: Heroism           |       |       |     1 |    10 ||    11
  Evoke: Wand              |       |       |       |     8 ||     8
    Use: Scroll            |       |     1 |     7 |     5 ||    13
         Potion            |       |       |       |     2 ||     2
 Armour: Scale mail        |    29 |    51 |       |       ||    80
         Chain mail        |       |    15 |   167 |    79 ||   261
         Plate armour      |       |       |       |    52 ||    52
  Dodge: Dodged            |    47 |    67 |   129 |    98 ||   341
  Block: Buckler           |    17 |    22 |       |       ||    39
         Kite shield       |       |    21 |   196 |   187 ||   404
